Map: King's Cove LE

Players

Clem - Winner!

  • Race: Terran Terran
  • Spawn Location: 5:00

Zanster

  • Race: Zerg Zerg
  • Spawn Location: 11:00

Event: 2019 WCS Spring

VOD

Have the link to the VOD?

Description

Time

  • Played on: May 18, 2019, 9:49 a.m.
  • Length: 6:11

All games in this series

Show
View Real Time Build Order
Export as new Build Order

Clem Terran - Winner!

Build Orders: Gas First Reaper Expand, Hellion Banshee 

Get SALT Encoding   

  12  0:00  SCV  
  13  0:13  SCV  
  14  0:18  Supply Depot  
  14  0:25  SCV  
  15  0:29  Refinery  
  15  0:39  SCV  
  16  0:45  Barracks  
  16  0:51  SCV  
  17  1:03  SCV  
  18  1:16  SCV  
  19  1:32  Reaper, Orbital Command  
  20  1:45  Command Center  
  20  1:55  Factory  
  20  2:00  SCV  
  21  2:08  Barracks Reactor  
  21  2:13  SCV  
  22  2:15  Supply Depot  
  22  2:21  Refinery  
  22  2:25  SCV  
  23  2:37  SCV  
  24  2:47  Starport  
  24  2:49  SCV, Hellion x2  
  30  2:59  Orbital Command  
  30  3:01  Barracks Tech Lab  
  30  3:03  SCV  
  29  3:14  Hellion  
  29  3:16  Hellion  
  29  3:18  SCV  
  34  3:26  SCV  
  34  3:30  Viking  
  34  3:32  SCV  
  37  3:36  Supply Depot  
  39  3:41  Hellion  
  39  3:43  SCV  
  39  3:44  SCV  
  39  3:48  Hellion  
  43  3:56  SCV x2  
  43  4:01  Armory  
  45  4:05  Medivac  
  45  4:09  Hellion  
  49  4:13  SCV, Hellion  
  49  4:16  SCV  
  53  4:24  Supply Depot  
  53  4:25  SCV  
  54  4:33  Cloaking Field  
  54  4:45  Banshee  
  54  4:46  SCV x2, Hellion  
  54  4:48  Supply Depot  
  61  4:58  SCV  
  61  4:59  Command Center  
  62  5:10  SCV x2, Hellion x2  
  62  5:12  Supply Depot  
  68  5:14  Barracks Tech Lab  
  68  5:15  Refinery x2  
  68  5:22  SCV x2  
  70  5:34  SCV, Hellion  
  76  5:38  SCV  
  76  5:39  Factory  
  76  5:41  Factory  
  73  5:43  Supply Depot  
  73  5:46  SCV, Hellion  
  76  5:50  SCV  
  77  5:58  SCV  
  78  6:10  Engineering Bay  
  78  6:11  Supply Depot  
Show
View Real Time Build Order
Export as new Build Order

Zanster Zerg 

Build Orders: Pool First 

Get SALT Encoding   

  12  0:00  Drone  
  13  0:14  Overlord  
  13  0:18  Drone  
  14  0:32  Drone x2  
  16  0:36  Drone  
  17  0:46  Extractor, Drone  
  17  0:53  Spawning Pool  
  16  0:58  Drone  
  17  1:08  Drone  
  18  1:19  Hatchery  
  18  1:23  Drone  
  18  1:40  Queen  
  18  1:41  Zergling x2  
  18  1:42  Zergling x2  
  22  1:48  Metabolic Boost  
  22  1:56  Overlord  
  22  2:15  Drone x2  
  24  2:16  Queen  
  26  2:24  Drone  
  27  2:32  Drone  
  27  2:37  Queen  
  28  2:38  Drone  
  28  2:43  Drone  
  32  2:46  Drone  
  32  2:51  Overlord, Drone x2  
  33  2:52  Drone  
  36  3:12  Hatchery, Drone x2  
  37  3:13  Drone  
  37  3:21  Drone  
  37  3:23  Queen  
  37  3:25  Overlord  
  40  3:27  Drone  
  40  3:29  Drone  
  40  3:31  Drone  
  43  3:38  Drone  
  43  3:40  Overlord  
  44  3:47  Zergling x10  
  49  3:51  Drone  
  49  3:54  Lair  
  50  3:57  Extractor, Drone  
  50  3:58  Drone  
  50  4:02  Queen  
  53  4:06  Drone x2  
  53  4:08  Drone  
  56  4:11  Overlord  
  56  4:28  Baneling Nest  
  56  4:29  Drone x6  
  56  4:30  Drone x3  
  64  4:32  Drone  
  64  4:34  Drone  
  66  4:39  Overlord  
  65  4:47  Overlord  
  65  4:51  Spore Crawler, Drone  
  65  4:53  Spore Crawler  
  65  4:54  Drone  
  65  4:57  Extractor  
  65  4:59  Extractor, Drone  
  64  5:00  Drone x5  
  64  5:04  Overlord  
  64  5:05  Drone  
  70  5:11  Drone  
  70  5:12  Drone x2  
  70  5:13  Spire  
  72  5:16  Overlord  
  72  5:19  Drone  
  72  5:20  Drone  
  74  5:27  Zergling x8  
  65  5:36  Zergling x2  
  65  5:37  Zergling x12  
  67  5:48  Baneling x4  
Tags
 
Add a new tag
Caveats
  • Supply blocks, unpowered buildings, or Contaminate may cause inaccurate times.
  • Supply counts are checked every 10 seconds.